Unix NetHack Version 5.0.0-0 post-release - last build Jun 10 2026 00:39:30 (3ee93aec679c4c4259841fe613dc97188e26a321,branch:main).

Game began 2026-06-27 23:48:26, ended 2026-06-28 00:00:25.

ARFwashere, neutral male human Archeologist

                                         ..|
                                        ...---
                                       ......|
                                      .....[.--
                                     ..).W@f*.-
                                     -....---.)-
                                     --..h|  -.
                                      --..|
                                       |.)-
                                       -<..-
                                       .....
                                        ...

ARFwashere the Field Worker  St:12 Dx:12 Co:13 In:16 Wi:14 Ch:10  Neutral
Dlvl:4  $:1957 HP:0(22) Pw:9(9) AC:5  Xp:3 T:1451  Burdened

Latest messages:
 You are hit by a runed dagger!
 You miss the gnome.
 You kill the gnome!
 Welcome to experience level 3.
 You hit the hobbit.
 The hobbit hits!
 You miss the hobbit.
 You kill the hobbit!
 You learn more about your items by comparing them.
 You have a little trouble lifting d - an uncursed food ration (7 in total).
 There is a hobbit corpse here; eat it? [ynq] (n) y
 This hobbit corpse tastes okay.
 You hear some noises in the distance.
 You finish eating the hobbit corpse.
 You see here a gnome corpse.
 There is a gnome corpse here; eat it? [ynq] (n) y
 This gnome corpse tastes terrible!
 You stop eating the gnome corpse.
 You hit the gnome.
 The gnome hits!
 You hit the gnome.
 You kill the gnome!
 You see here an orange gem.
 You have a little trouble lifting B - an orange gem.
 The kitten drops a dagger.
 What do you want to use or apply? [ae-gilm or ?*] g
 What do you want to rub on the stone? [$B or ?*] B
 B - a worthless piece of orange glass.
 What do you want to drop? [$ad-gi-nvwzAB or ?*] B
 You drop a worthless piece of orange glass.
 The gnome lord picks up a runed dagger.
 The gnome lord wields a runed dagger!
 Your kitten eats a partly eaten gnome corpse.
 You hit the gnome lord.
 The gnome lord thrusts his runed dagger.
 The gnome lord hits!
 The gnome shoots 2 crossbow bolts!
 The 1st crossbow bolt hits the gnome lord.
 The 2nd crossbow bolt hits the gnome lord.
 What do you want to zap? [m or ?*] ?
 In what direction? h
 The gnome lord turns into a wraith!
 The wraith drops a runed dagger.
 The gnome shudders!
 You kill the gnome!
 The wraith touches you!
 You die...
 Do you want your possessions identified? [ynq] (y) y
 Do you want to see your attributes? [ynq] (y) y
 Do you want an account of creatures vanquished? [ynaq] (y) q

Inventory:
 Coins    ('$')
  $ - 1957 gold pieces
 Weapons  (')')
  k - 21 +0 darts (at the ready)
  A - 11 cursed rustproof +0 darts
  a - a +2 bullwhip
 Armor    ('[')
  w - a blessed +1 helm of brilliance (being worn)
  v - an uncursed +0 studded leather armor (being worn)
 Comestibles  ('%')
  d - 7 uncursed food rations
 Scrolls  ('?')
  j - 2 uncursed scrolls of enchant armor
  z - an uncursed scroll of teleportation
 Potions  ('!')
  n - an uncursed potion of speed
 Wands    ('/')
  m - a wand of polymorph (0:4)
 Tools    ('(')
  i - an empty uncursed sack
  l - an uncursed oil lamp (lit)
  e - a +0 pick-axe (weapon in right hand)
  f - a tinning kit (0:66)
 Gems/Stones  ('*')
  g - an uncursed touchstone

ARFwashere the Archeologist's attributes:

Background:
 You were a Field Worker, a level 3 male human Archeologist.
 You were neutral, on a mission for Camaxtli
 who was opposed by Quetzalcoatl (lawful) and Huhetotl (chaotic).
 You were right-handed.
 You were in the Gnomish Mines, on level 4.
 You entered the dungeon 1451 turns ago.
 It was the midnight hour.
 You had 61 experience points, 19 more were needed to attain level 4.

Basics:
 You had 0 out of 22 hit points.
 You had all 9 energy points (spell power).
 Your armor class was 5.
 Your wallet contained 1957 zorkmids.
 Autopickup was on for '$' plus thrown.

Final Characteristics:
 Your strength was 12 (limit:18/100).
 Your dexterity was 12 (limit:18).
 Your constitution was 13 (limit:18).
 Your intelligence was 16 (base:15, limit:18).
 Your wisdom was 14 (base:13, limit:18).
 Your charisma was 10 (limit:18).

Final Status:
 You weren't hungry.
 You were burdened; movement was slightly slowed.
 You were wielding a pick-axe.
 You had basic skill with pick-axe.

Final Attributes:
 You were devoutly aligned.
 You had automatic searching.
 You were warded.
 You are dead.

Miscellaneous:
 You didn't encounter any bones levels.
 Total elapsed playing time was 11 minutes and 59 seconds.

Major events:
 Turn
    1: ARFwashere the neutral male human Archeologist entered the dungeon
 1386: entered the Gnomish Mines
 1410: attained the rank of Field Worker (level 3)
 1451: killed by a wraith

You didn't know any spells.

Skills:
 Fighting Skills
   bare handed combat [Unskilled]
   two weapon combat  [Unskilled]
   riding             [Unskilled]
 Weapon Skills
   dagger             [Unskilled]
   knife              [Unskilled]
   pick-axe           [Basic]
   short sword        [Unskilled]
   saber              [Unskilled]
   club               [Unskilled]
   quarterstaff       [Unskilled]
   sling              [Unskilled]
   dart               [Unskilled]
   boomerang          [Unskilled]
   whip               [Basic]
   unicorn horn       [Unskilled]
 Spellcasting Skills
   attack spells      [Unskilled]
   healing spells     [Unskilled]
   divination spells  [Unskilled]
   matter spells      [Unskilled]

Voluntary challenges:
 Character rerolling was not enabled.
 You never genocided any monsters.
 You never changed form.
 You used no wishes.
Achievements:
 You entered a shop.
 You entered the Gnomish Mines.
 You attained the rank of Field Worker.

 The Dungeons of Doom: levels 1 to 3
    Level 1:
    Level 2:
       A weapon shop, an altar.
    Level 3:
       Stairs down to The Gnomish Mines.
 The Gnomish Mines:
    Level 4: <- You were here.
       Final resting place for
          you, killed by a wraith.


Vanquished creatures:
  2 acid blobs
  a hobbit
  8 gnomes
  a gnome zombie
  a gecko
  7 jackals
  3 goblins
  2 grid bugs
  a lichen
  2 kobold zombies
  5 newts
33 creatures vanquished.

No species were genocided or became extinct.

Game over:
                       ----------
                      /          \
                     /    REST    \
                    /      IN      \
                   /     PEACE      \
                  /                  \
                  |    ARFwashere    |
                  |     1957 Au      |
                  |   killed by a    |
                  |      wraith      |
                  |                  |
                  |                  |
                  |       2026       |
                 *|     *  *  *      | *
        _________)/\\_//(\/(/\)/\//\/|_)_______

Goodbye ARFwashere the Archeologist...

You died in The Gnomish Mines on dungeon level 4 with 2156 points,
and 1957 pieces of gold, after 1451 moves.
You were level 3 with a maximum of 22 hit points when you died.

